 Dungeon Crawl Stone Soup version 0.19.3-1-g3169bf9 (webtiles) character file.

6724 Exaltedone87 the Basher (level 10, 0/76 HPs)
             Began as a Demonspawn Fighter on Jan 24, 2017.
             Slain by a sky beast (5 damage)
             ... on level 9 of the Dungeon.
             The game lasted 00:33:49 (10603 turns).

Exaltedone87 the Basher (Demonspawn Fighter)       Turns: 10603, Time: 00:33:50

Health: 0/76       AC: 17    Str: 20    XL:     10   Next: 74%
Magic:  10/10      EV:  7    Int:  9    God:
Gold:   596        SH: 10    Dex: 13    Spells: 0 memorised, 9 levels left

rFire  . . .     SeeInvis .     G - +3 flail
rCold  . . .     Gourm    .     K - +1 chain mail
rNeg   + . .     Faith    .     c - +0 shield
rPois  +         Spirit   .     g - +0 helmet
rElec  .         Reflect  .     q - +0 cloak
rCorr  .         Harm     .     (no gloves)
MR     .....                    h - +0 pair of boots
Stlth  ..........               (no amulet)
                                b - ring of positive energy
                                v - ring of poison resistance

@: no status effects
A: claws 1, yellow scales 2, rot immunity
a: no special abilities


You were on level 9 of the Dungeon.
You were hungry.

You visited 2 branches of the dungeon, and saw 10 of its levels.

You collected 596 gold pieces.

Inventory:

Hand Weapons
 w - a +0 morningstar
 G - a +3 flail (weapon)
Armour
 c - a +0 shield (worn)
 g - a +0 helmet (worn)
 h - a +0 pair of boots (worn)
 q - a +0 cloak (worn)
 t - a +0 plate armour
 K - a +1 chain mail (worn)
Jewellery
 b - a ring of positive energy (right claw)
 v - a ring of poison resistance (left claw)
Wands
 a - a wand of acid (10/15)
 o - a wand of lightning (6/15)
 C - a wand of flame (25/48)
Scrolls
 d - a scroll of enchant armour
 j - 3 scrolls of amnesia
 l - a scroll of teleportation
 x - 2 scrolls of remove curse
 z - 4 scrolls of enchant weapon
Potions
 f - 3 potions of brilliance
 i - a potion of magic
 D - 2 potions of flight
 E - 3 potions of resistance
 H - 2 potions of agility
 I - 3 potions of cancellation
Comestibles
 m - 8 royal jellies
 n - 6 fruits
 p - 3 meat rations
 F - 3 bread rations


   Skills:
 + Level 5.9 Fighting
 * Level 12.9 Maces & Flails
 + Level 5.6 Armour
 + Level 3.7 Dodging
 + Level 5.5 Shields


You had 9 spell levels left.
You didn't know any spells.

Dungeon Overview and Level Annotations

Branches:
Dungeon (9/15)             Temple (1/1) D:5            Lair (0/6) D:9
    Orc: D:9-12

Altars:
Ashenzari
Cheibriados
Dithmenos
Elyvilon
Fedhas
Gozag
Kikubaaqudgha
Makhleb
Nemelex Xobeh
Okawaru
Qazlal
Ru
Sif Muna
Trog
Uskayaw
Vehumet
Xom
Yredelemnul
Zin
The Shining One

Shops:
D:5 (   D:7 [   D:8 }


Innate Abilities, Weirdness & Mutations

You have sharp fingernails.
You are mostly covered in yellow scales. (AC +3)
You are immune to rotting.


Message History

Erolcha is heavily wounded.
Erolcha hits you with a giant spiked club.
* * * LOW HITPOINT WARNING * * *
The jackal completely misses you.
You bludgeon Erolcha!!
Erolcha is almost dead.
The sky beast flickers out of sight!
Deactivating autopickup; reactivate with Ctrl-A.
You block the jackal's attack.
You sock Erolcha!
You kill Erolcha!
The jackal bites you but does no damage.
You barely miss the jackal.
The jackal bites you but does no damage.
You thump the jackal!
You kill the jackal!
Something hits you.
* * * LOW HITPOINT WARNING * * *
Something shocks you.
You die...

#..#.......#....#
#...#######.....#
##..............#
##.......†......#
....>...........>..
....(..............
.............#####..
............# .
......)@....#
............#
....[.......#
......<........
...............
...####..####.. ...
#..# .. .. #..#


There were no monsters in sight!

Vanquished Creatures
  Erolcha (D:9)
  The ghost of Carbisari the Covert, a novice KoAs of Dithmenos (D:8)
  A two-headed ogre (D:8)
  A queen bee (D:8)
  Duvessa (D:7)
  The ghost of DarkTechnomancer the Magician, an amateur DEWz (D:3)
  3 orc warriors
  A sky beast (D:8)
  A black bear (D:5)
  3 ogres
  A necrophage (D:6)
  5 centaurs
  3 bullfrogs
  3 gnoll sergeants
  Dowan (D:7)
  2 scorpions
  2 water moccasin skeletons
  19 killer bees
  5 howler monkeys
  2 crimson imps (D:7)
  3 bullfrog zombies
  A centaur skeleton (D:7)
  3 jellies
  11 orc wizards
  4 orc priests
  7 hounds
  Jessica (D:3)
  2 gnoll shamans (D:7)
  3 iguanas
  9 worker ants
  A killer bee zombie (D:6)
  2 hound zombies
  3 hound skeletons
  A howler monkey zombie (D:7)
  Robin (D:4)
  14 gnolls
  3 adders
  5 shadow imps
  An ooze (D:2)
  5 worms
  2 dart slugs
  6 leopard geckos
  27 orcs
  3 ball pythons
  4 bats
  4 giant cockroaches
  10 goblins
  18 hobgoblins
  12 jackals
  3 quokkas
  3 frilled lizards
  A jackal skeleton (D:6)
  11 kobolds
  12 rats
  A plant (D:7)
254 creatures vanquished.

Vanquished Creatures (others)
  A jackal (D:9)
1 creature vanquished.

Grand Total: 255 creatures vanquished

Notes
Turn   | Place    | Note
-------+----------+-------------------------------------------
     0 | D:1      | Exaltedone87 the Demonspawn Fighter began the quest for the Orb.
     0 | D:1      | Reached XP level 1. HP: 18/18 MP: 1/1
   114 | D:1      | Gained mutation: You are immune to rotting. [demonic ancestry]
   114 | D:1      | Reached XP level 2. HP: 24/24 MP: 2/2
   250 | D:1      | Reached skill level 2 in Maces & Flails
   470 | D:1      | Reached XP level 3. HP: 27/29 MP: 3/3
  1053 | D:2      | Found a bloodstained altar of Trog.
  1365 | D:2      | Found a radiant altar of Vehumet.
  1525 | D:3      | Gained mutation: You are partially covered in yellow scales. (AC +2) [demonic ancestry]
  1525 | D:3      | Reached XP level 4. HP: 33/35 MP: 4/4
  1635 | D:3      | Reached skill level 3 in Maces & Flails
  2057 | D:3      | Noticed DarkTechnomancer's ghost (amateur DEWz)
  2071 | D:3      | Noticed Jessica
  2097 | D:3      | Killed Jessica
  2119 | D:3      | Killed DarkTechnomancer's ghost
  2119 | D:3      | Reached skill level 4 in Maces & Flails
  2119 | D:3      | Gained mutation: You are mostly covered in yellow scales. (AC +3) [demonic ancestry]
  2119 | D:3      | Reached XP level 5. HP: 15/41 MP: 5/5
  2390 | D:3      | Reached skill level 11 in Maces & Flails
  2390 | D:3      | Reached XP level 6. HP: 47/47 MP: 6/6
  2811 | D:4      | Found a shimmering altar of Xom.
  2811 | D:4      | Found a shimmering altar of Xom.
  2812 | D:4      | Noticed Robin
  2812 | D:4      | Found a shimmering altar of Xom.
  2822 | D:4      | Found a shimmering altar of Xom.
  2829 | D:4      | Killed Robin
  2862 | D:4      | Found a shimmering altar of Xom.
  2874 | D:4      | Reached XP level 7. HP: 38/53 MP: 7/7
  3514 | D:4      | Reached skill level 1 in Dodging
  3865 | D:4      | Identified Hetat's Collected Works on Confrontation and Translocation
  4238 | D:5      | Entered Level 5 of the Dungeon
  4250 | D:5      | Found a shattered altar of Ashenzari.
  4290 | D:5      | Gained mutation: You have sharp fingernails. [demonic ancestry]
  4290 | D:5      | Reached XP level 8. HP: 49/60 MP: 8/8
  4305 | D:5      | Found a sparkling altar of Nemelex Xobeh.
  4314 | D:5      | Found a staircase to the Ecumenical Temple.
  4401 | D:5      | Found Nuuxiz's Antique Weapon Boutique.
  4425 | Temple   | Entered the Ecumenical Temple
  4674 | D:5      | Found a basalt altar of Yredelemnul.
  4679 | D:5      | Found an opulent altar of Gozag.
  4926 | D:5      | Found a hide-covered altar of Uskayaw.
  5189 | D:5      | Found a blossoming altar of Fedhas.
  5343 | D:6      | Found a deep blue altar of Sif Muna.
  6044 | D:7      | Noticed Dowan
  6045 | D:7      | Noticed Duvessa
  6297 | D:7      | Reached skill level 12 in Maces & Flails
  6322 | D:7      | Reached XP level 9. HP: 51/66 MP: 9/9
  6445 | D:7      | Killed Duvessa
  6452 | D:7      | Killed Dowan
  6472 | D:7      | Found Axo Cuse's Armour Shop.
  7059 | D:7      | Found an ancient bone altar of Kikubaaqudgha.
  7528 | D:7      | Reached skill level 5 in Fighting
  8173 | D:8      | Found Ede Covosm's Gadget Boutique.
  8299 | D:8      | Reached skill level 5 in Armour
  8433 | D:8      | Reached XP level 10. HP: 54/74 MP: 10/10
  8496 | D:8      | Reached skill level 5 in Shields
  8919 | D:8      | Noticed Carbisari's ghost (novice KoAs)
  9320 | D:8      | Killed Carbisari's ghost
  9874 | D:8      | Gained mutation: You are dopey. (Int -2) [mutagenic meat]
  9875 | D:8      | Gained mutation: Scrolls take you a little longer to read. [mutagenic meat]
  9875 | D:8      | Lost mutation: Scrolls take you a little longer to read. [potion of cure mutation]
  9875 | D:8      | Lost mutation: You are dopey. (Int -2) [potion of cure mutation]
 10563 | D:9      | Found a staircase to the Lair.
 10585 | D:9      | Noticed Erolcha
 10585 | D:9      | Paralysed by Erolcha for 3 turns
 10600 | D:9      | Killed Erolcha
 10603 | D:9      | Slain by a sky beast

Skill      XL: |  1  2  3  4  5  6  7  8  9 10 |
---------------+-------------------------------+-----
Maces & Flails | 2 4 11 12 | 12.9
Armour         | 3 4 5 |  5.6
Shields        | 3 4 5 |  5.5
Fighting       | 4 5 |  5.9
Dodging        | 1 2 3 |  3.7

Action                   |  1- 3 |  4- 6 |  7- 9 | 10-12 || total
-------------------------+-------+-------+-------+-------++-------
Melee: Flail             |   162 |   157 |   475 |   319 ||  1113
       Morningstar       |       |       |   118 |       ||   118
  Use: Scroll            |     1 |     7 |    15 |     3 ||    26
       Potion            |       |     1 |     4 |     4 ||     9
 Stab: Invisible         |       |       |     1 |       ||     1
  Eat: Chunk             |     2 |     3 |     3 |     4 ||    12
       Fruit             |       |     1 |     2 |       ||     3
       Bread ration      |       |     1 |       |       ||     1
       Meat ration       |       |       |     2 |     1 ||     3
Armor: Scale mail        |    73 |    68 |    74 |       ||   215
       Plate armour      |     3 |       |       |       ||     3
       Chain mail        |       |       |   177 |   179 ||   356
       Skin              |       |       |     2 |       ||     2
Dodge: Dodged            |    40 |    35 |   126 |   115 ||   316
Block: Shield            |    96 |    56 |   272 |   182 ||   606
